 Dungeon Crawl Stone Soup version 0.30.1-3-gfc49f6343a (webtiles) character file.

Game seed: 10957912397842951102

589 cheesebisquit the Chopper (level 7, 0/91 HPs)
             Began as a Hill Orc Monk on July 26, 2023.
             Killed by divine providence
             ... invoked by an orc priest
              (10 damage)
             ... on level 4 of the Dungeon.
             The game lasted 00:13:46 (3134 turns).

cheesebisquit the Chopper (Hill Orc Monk)           Turns: 3134, Time: 00:13:46

Health: 0/91       AC: 23    Str: 14    XL:     7   Next: 38%
Magic:  7/8        EV:  2    Int: 12    God:
Gold:   148        SH:  0    Dex: 13    Spells: 6/8 levels left

rFire   + . .        (no weapon)
rCold   . . .        d - orb {light}
rNeg    . . .        u - melded +0 chain mail
rPois   +            j - melded +0 helmet
rElec   .            (cloak currently unavailable)
rCorr   .            q - melded +0 pair of gloves
SInv    .            (boots currently unavailable)
Will    .....        (no amulet)
Stlth   +            n - ring of protection from fire
HPRegen 0.35/turn    w - ring of flight
MPRegen 0.11/turn

%: no passive effects
@: tree-form, glowing
A: stationary, stasis, torment immunity, boosted hp
a: Convert to Beogh


You were on level 4 of the Dungeon.
You were a tree.
You visited 1 branch of the dungeon, and saw 4 of its levels.

You collected 148 gold pieces.

Inventory:

Hand Weapons
 a - a +0 hand axe
 p - a +0 dagger of venom
Missiles
 k - 3 boomerangs of dispersal
 z - a boomerang (quivered)
Armour
 b - a +0 robe
 d - an orb of light (worn)
 f - a +0 leather armour
 j - a +0 helmet (melded)
 q - a +0 pair of gloves (melded)
 u - a +0 chain mail (melded)
 x - a +1 leather armour of poison resistance
Jewellery
 n - a ring of protection from fire (left branch)
 o - a ring of protection from cold
 w - a ring of flight (right branch)
Scrolls
 e - 2 scrolls of teleportation {unknown}
 g - a scroll of enchant weapon {unknown}
 l - a scroll of magic mapping {unknown}
 r - 4 scrolls of identify {unknown}
 s - 2 scrolls of enchant armour {unknown}
 v - 2 scrolls of blinking {unknown}
 y - a scroll of fog {unknown}
 A - a scroll of poison {unknown}
Potions
 c - 2 potions of lignification
 i - a potion of cancellation {unknown}
 m - a potion of brilliance {unknown}
 t - 2 potions of curing


   Skills:
 - Level 5.0 Fighting
 - Level 6.0 Axes
 - Level 2.0 Throwing
 - Level 4.0 Armour
 - Level 2.4 Dodging
 - Level 2.0 Stealth
 + Level 1.2 Spellcasting
 - Level 2.0 Translocations


You had 6 spell levels left.
You knew the following spells:

 Your Spells              Type           Power      Damage    Failure   Level
a - Blink                 Tloc           10%        N/A       21%         2

Your spell library contained the following spells:

 Spells                   Type           Power      Damage    Failure   Level
 Lesser Beckoning         Tloc           10%        N/A       21%         2
 Momentum Strike          Conj/Tloc      6%         3d8       30%         2
 Summon Forest            Summ/Tloc      1%         N/A       99%         5
 Eringya's Noxious Bog    Tmut/Pois      0%         N/A       100%        6
 Summon Hydra             Summ           0%         N/A       100%        7


Dungeon Overview and Level Annotations

Branches:
Dungeon (4/15)
 Temple: D:4-7

Altars:
Gozag
Yredelemnul


Message History

You are now empty-handed.
The orc priest shouts, "Beogh is our master!
Accept the truth or die!"
You smack the kobold brigand!
You kill the kobold brigand!
Training target 1.0 for Spellcasting reached!
Your Spellcasting skill increases to level 1!
You need to enable at least one skill for training.
You smack the orc priest!
The orc priest is severely wounded.
You hit the orc priest.
The orc priest is almost dead.
The orc priest calls down the wrath of Beogh upon you.
Beogh smites you!
* * * LOW HITPOINT WARNING * * *
The orc hits you but does no damage.
You smack the orc priest!
You kill the orc priest!
The orc hits you but does no damage.
You smack the orc!
You kill the orc!
You smack the scorpion!
The scorpion is almost dead.
The scorpion stings you but does no damage.
The scorpion barely misses you.
You hit the scorpion.
The scorpion is almost dead.
The scorpion stings you but does no damage.
You hit the scorpion but do no damage.
The scorpion is almost dead.
The scorpion stings you but does no damage.
You hit the scorpion.
You kill the scorpion!
Training target 2.0 for Translocations reached!
Your Translocations skill increases to level 2!
You need to enable at least one skill for training.
You hit the orc.
You kill the orc!
The orc priest mumbles some strange prayers to Beogh against you.
Beogh smites you!
You die...
K

#?# #. ...
#.# #.# ##
o.s.....###
#o#.#....
#o.K..# #o#
##)# #♣)#
.########.##
..........#
####.###..#
#..#
##.###..#
#.......#
#..####.# #
#.#


You could see an orc priest and a kobold.

Vanquished Creatures
  Sigmund (D:2)
  Menkaure (D:4)
  A kobold brigand (D:4)
  A scorpion (D:4)
  An orc priest (D:4)
  An orc wizard (D:3)
  4 gnolls (D:3)
  5 adders
  A worm (D:2)
  2 dart slugs
  11 orcs
  3 ball pythons (D:1)
  6 endoplasms
  7 hobgoblins
  10 kobolds
  3 quokkas
  3 bats (D:2)
  3 frilled lizards
  3 goblins
67 creatures vanquished.

Notes
Turn   | Place    | Note
-------+----------+-------------------------------------------
     0 | D:1      | cheesebisquit the Hill Orc Monk began the quest for the
                  | Orb.
     0 | D:1      | Reached XP level 1. HP: 19/19 MP: 1/1
   280 | D:1      | Reached skill level 1 in Armour
   280 | D:1      | Reached XP level 2. HP: 14/27 MP: 2/2
   562 | D:1      | Reached skill level 1 in Stealth
   841 | D:1      | Reached skill level 1 in Throwing
   988 | D:2      | Noticed Sigmund
  1020 | D:2      | Killed Sigmund
  1021 | D:2      | Reached skill level 5 in Axes
  1021 | D:2      | Reached XP level 3. HP: 13/33 MP: 3/3
  1021 | D:2      | Reached XP level 4. HP: 16/40 MP: 4/4
  1021 | D:2      | Reached XP level 5. HP: 19/46 MP: 5/5
  1630 | D:2      | Reached XP level 6. HP: 54/55 MP: 6/6
  2172 | D:3      | Reached skill level 5 in Fighting
  2226 | D:3      | Found an opulent altar of Gozag.
  2306 | D:3      | Found a faded altar of an unknown god.
  2446 | D:3      | Found a basalt altar of Yredelemnul.
  3061 | D:3      | Learned a level 2 spell: Blink
  3098 | D:4      | Noticed Menkaure
  3113 | D:4      | Killed Menkaure
  3114 | D:4      | Reached skill level 6 in Axes
  3114 | D:4      | Reached skill level 1 in Translocations
  3114 | D:4      | Reached XP level 7. HP: 30/61 MP: 7/7
  3126 | D:4      | Reached skill level 1 in Spellcasting
  3134 | D:4      | Killed from afar by an orc priest

Illustrated notes

Levels and vault maps discovered:
D:1:      mrwooster_arrival_statue_2, layout_loops_corners
D:2:      layout_basic, chequers_serial_rivers_small_b, uniq_sigmund
D:3:      layout_basic, mainiacjoe_overflow_six_doors_small,
          grunt_gozag_breadcrumbs, chequers_ecumenical_altar_simple_redux
D:4:      layout_loops_ring, overflow_temple_1_default, uniq_menkaure

Skill      XL: |  1  2  3  4  5  6  7 |
---------------+----------------------+-----
Fighting       | 4 5 |  5.0
Armour         | 1 3 4 |  4.0
Stealth        | 2 |  2.0
Throwing       | 2 |  2.0
Axes           | 5 6 |  6.0
Translocations | 1 2 |  2.0
Spellcasting   | 1 |  1.2
Dodging        | |  2.4

Action                     |  1- 3 |  4- 6 |  7- 9 || total
---------------------------+-------+-------+-------++-------
  Melee: Hand axe          |    63 |   167 |     5 ||   235
         Unarmed           |       |       |    10 ||    10
  Throw: Boomerang         |       |     1 |       ||     1
    Use: Potion            |     1 |     3 |     3 ||     7
 Armour: Leather armour    |     9 |    24 |       ||    33
         Robe              |     2 |       |       ||     2
         Chain mail        |       |    77 |     2 ||    79
         Skin              |       |       |     6 ||     6
  Dodge: Dodged            |    28 |    70 |     1 ||    99
